 Dungeon Crawl Stone Soup version 0.23.2-1-ga50397a (webtiles) character file.

Game seed: 303072190191169851

165 GuyDeFluk the Sneak (level 5, 0/24 HPs)
             Began as a Spriggan Enchanter on May 14, 2019.
             Slain by an orc
             ... wielding a +3 dagger of electrocution
              (20 damage)
             ... on level 3 of the Dungeon.
             The game lasted 00:18:12 (3680 turns).

GuyDeFluk the Sneak (Spriggan Enchanter)            Turns: 3680, Time: 00:18:12

Health: 0/24       AC:  2    Str:  5    XL:     5   Next: 22%
Magic:  10/10      EV: 18    Int: 17    God:
Gold:   48         SH:  0    Dex: 16    Spells: 3/9 levels left

rFire    . . .     SeeInvis +   o - +2 dagger (venom)
rCold    + . .     Gourm    .   (shield restricted)
rNeg     . . .     Faith    .   b - +0 robe
rPois    +         Spirit   .   (helmet restricted)
rElec    .         Reflect  .   (no cloak)
rCorr    .         Harm     .   (gloves unavailable)
MR       .....                  (boots unavailable)
Stlth    +++.......             (no amulet)
HPRegen  0.08/turn              i - ring of poison resistance
MPRegen  0.12/turn              a - ring of protection from cold

@: very quick
A: very small, unfitting armour, see invisible, herbivore, speed 3, slow
metabolism 2
a: no special abilities


You were on level 3 of the Dungeon.
You were not hungry.

You visited 1 branch of the dungeon, and saw 3 of its levels.

You collected 48 gold pieces.

Inventory:

Hand Weapons
 o - a +2 dagger of venom (weapon)
Armour
 b - a +0 robe (worn)
Jewellery
 a - a ring of protection from cold (right hand)
 i - a ring of poison resistance (left hand)
 m - an uncursed ring of protection from magic {unknown}
Scrolls
 c - a scroll of blinking
 f - 2 scrolls of teleportation
 g - a scroll of fog {unknown}
 h - a scroll of magic mapping {unknown}
Potions
 e - a potion of heal wounds {unknown}
 j - a potion of curing {unknown}
 k - 2 potions of cancellation {unknown}
Comestibles
 d - 7 rations


   Skills:
 * Level 4.7 Short Blades
 - Level 3.0 Dodging
 + Level 6.3 Stealth
 - Level 2.6 Spellcasting
 - Level 3.6 Hexes


You had 3 spell levels left.
You knew the following spells:

 Your Spells              Type           Power        Failure   Level  Hunger
a - Corona                Hex            ##.....      4%          1    #......
b - Ensorcelled Hibernat  Hex/Ice        #.....       13%         2    ##.....
c - Confuse               Hex            ##......     12%         3    ###....

Your spell library contained the following spells:

 Spells                   Type           Power        Failure   Level  Hunger
 Tukima's Dance           Hex            ##......     12%         3    ###....
 Dazzling Spray           Conj/Hex       #.....       26%         3    ###....


Dungeon Overview and Level Annotations

Branches:
Dungeon (3/15)

Altars:
The Shining One

Annotations:
D:2 Natasha !, 1 exclusion, Natasha


Innate Abilities, Weirdness & Mutations

You are very small and have problems with some larger weapons.
You are too small for most types of armour.
You have supernaturally acute eyesight. (SInv)
You are a herbivore.
You cover ground extremely quickly.
You need to consume almost no food.


Message History

You start resting.
Your magical contamination has completely faded away.
You start resting.
HP restored.
You climb downwards.
There is a stone staircase leading up here.
The orc closely misses you.
There is a stone staircase leading up here.
You closely miss the orc. You hit the orc but do no damage.
The orc is poisoned.
You hit the orc wizard.
The orc wizard is lightly wounded.
The orc misses you.
The orc wizard hits you but does no damage.
You hit the orc wizard.
The orc wizard is poisoned.
The orc wizard is moderately wounded.
The orc hits you with a +3 dagger of electrocution.
You are electrocuted!!
Ouch! That really hurt!
You die...

#.# #.#.##.#..####..##. #.#
#.........# #..... #.#
#...#.....# #.###. #.#
#...#..##.# #.#### #.#
#...#..##.####..... #.#
######..............#### ...
...............####.# #
###.#####..## #.# #######@#
##.(.###.# #######(....oo#
##....†##.# #...........o.#
#.......#.####
.#####[####..###...#.........
#.# #..............#### #o#
#.#####.....#### ..#o#####†#
#.# ##........ #..ooo..oo#
#.# ####.#### ..#o###..## #.#
#.#


You could see an orc wizard and 2 orcs.

Vanquished Creatures
  A crimson imp (D:2)
  4 adders
  3 worms
  4 dart slugs
  3 leopard geckos
  10 orcs (D:3)
  3 giant cockroaches
  4 hobgoblins
  3 jackals (D:2)
  A quokka (D:2)
  7 bats
  5 frilled lizards
  10 goblins
  5 kobolds
  5 rats
  A fungus (D:1)
69 creatures vanquished.

Notes
Turn   | Place    | Note
-------+----------+-------------------------------------------
     0 | D:1      | GuyDeFluk the Spriggan Enchanter began the quest for the
                  | Orb.
     0 | D:1      | Reached XP level 1. HP: 9/9 MP: 5/5
   462 | D:1      | Reached XP level 2. HP: 13/13 MP: 6/6
   852 | D:1      | Reached skill level 5 in Stealth
  1229 | D:1      | Reached XP level 3. HP: 16/16 MP: 8/8
  2022 | D:2      | Noticed Natasha
  2029 | D:2      | Learned a level 2 spell: Ensorcelled Hibernation
  2033 | D:2      | Learned a level 3 spell: Confuse
  2125 | D:2      | Reached XP level 4. HP: 16/21 MP: 7/9
  2325 | D:2      | Reached skill level 6 in Stealth
  2332 | D:2      | Found a glowing golden altar of the Shining One.
  2975 | D:3      | Reached XP level 5. HP: 22/24 MP: 10/10
  3680 | D:3      | Slain by an orc

Skill      XL: |  1  2  3  4 |
---------------+-------------+-----
Short Blades   | 2 3 4 |  4.7
Stealth        | 5 6 |  6.3
Dodging        | |  3.0
Spellcasting   | |  2.6
Hexes          | |  3.6

Action                   |  1- 3 |  4- 6 || total
-------------------------+-------+-------++-------
Melee: Dagger            |   163 |   103 ||   266
 Cast: Corona            |     1 |       ||     1
       Ensorcelled Hiber |     1 |       ||     1
  Use: Scroll            |     3 |     4 ||     7
 Stab: Sleeping          |    17 |     5 ||    22
  Eat: Ration            |       |     1 ||     1
Armor: Robe              |    14 |     3 ||    17
Dodge: Dodged            |    89 |    53 ||   142
